woodfighter, neutral male human Healer }}}}}}}}}}}}}}}}}}}}}}}}}}}}}}}}}}}}}}}}}}}}}}}}}}}}}}}}}}}}}}}}}}}}}}}}}}}}}}} }}}}}}}}}.}}}}}}}}.}}}}}}}}}}}}}}}}}}}}}}}.}.}}.}..}}}}}}}}}}}}}}}}}}}}}}}}}}}} }}}}}(}}H..}.}}}}.}.}.}}}}}}}}}}}}}}}}}.}......}^}}.}}}}}}}}}}}}}}}}}}..}}}}}}} }}}}}.}}@....}}}}}....}}.}}}}}}}}}}}.}}.........}}}}}}}}}}}}}}}}}}}}}...}}}}}}} }}}...........}.}}.......}}}}}}}}}}..........}}}}}}}}}}}}}}}}}}}}}}}}}....}}.}} }}}}....}}.}.}}..........S}}}................}}}}}}}}}}}}}}.}}.}}.}.}}........} }}}}....}}}}}}}}........}}.........}}.......}}}}}}}}}}}}}}}}.................}} }}}.....}}}}}}}}........}}}.......}}}.....}}..}}}}}}}}}}}}}...................} }}}}}...}}.}}}}}}}.....}}}}.......}}}.....}}}.}}}}}}}}}}.}..................}}} }}}}}......}}}}}}}.}....^...}.............}}.}}}}}}}}}}}......}}.}..........}}} }}}}}..}I}.}}}}}}}}}}.....}}}.}}..^............}}}}}}}}}}.}.}}}}}}}}........}}} }}}}..}}}}.}}}}}}}}}}}.....}}}}}}.............}}}}}}}}}}}}}}}}}}}}}.........}}} }}}}}.}}}}}}}}}}}}}}}}...}}}}}}}}.............}}}}}}}}}}}}}}}}}}}}}.}}........} }}}}}...}}}}}}}}}}}}}....}}}}}}}..............}}}}}.}}}}}}}}}}}}}...}}.}}.}}}.} }}}}}.}.}}}}}}}}}}..}...}}}}}}}}........}}.*..}}}}...}.}}}}}.}}}}.}}}.}}}}}}}}} }}}}}}....}}}}}}}}}......}}}}}}}.}.....}}}.}...}}}}.....}}}}.}}>..}}}}}}}}}}}}} }}}}}}}.................................}}}}}..}}}...}.}.}....}..}}}}}}}}}}}}}} }}}}}}..}...}}}}}}..}}}}}}}}}}}}.....}}}..}}}.......}}}}..........}.}}}}}}}}}}} }}}}}}}.}}}..}}}}..}.}}}}}}}}}}}.}..}}}}..}}..}}....}}}}}}}........}.}}}}}}}}}} }}}}}}}*.}}}.}}}}}}}}}}}}}}}}}}}}}}.}}}}}..^}}}}}.}}}}}}}}}.}}.}}..}}}}}}}}}}}} }}}}}}}}}}}}}}}}}}}}}}}}}}}}}}}}}}}}}}}}}}}}}}}}}}}}}}}}}}}}}}}}}}}}}}}}}}}}}}} woodfighter the Embalmer Experience level: 9 Strength: 18 Dexterity: 17 Constitution: 18 Intelligence: 10 Wisdom: 15 Charisma: 17 Health: 0(84) Energy: 60(68) Def: 33 Gold: 0 Moves: 25994 Dungeon seed: lYHCbg03kYL4UjNW Game ID: woodfighter_1505417026 Your Inventory: Amulets i - an uncursed amulet of reflection (being worn) J - the blessed Eye of the Aethiopica Weapons a - a rusty corroded +0 dwarvish spear (weapon in hand) S - 28 blessed +1 darts (in quiver) Armor e - an uncursed +1 pair of leather gloves (being worn) n - a blessed greased +3 gray dragon scale mail (being worn) r - a blessed +5 cloak of protection (being worn) E - an uncursed +0 elven leather helm (being worn) K - an uncursed +0 mummy wrapping Q - an uncursed +0 pair of speed boots (being worn) Y - a cursed -1 pair of leather gloves Comestibles d - 2 uncursed magic beans f - an uncursed eucalyptus leaf j - 2 uncursed tripe rations k - 3 blessed eucalyptus leaves l - 4 blessed sprigs of wolfsbane p - an uncursed apple u - an uncursed tin of giant rat meat H - 2 uncursed tins of spinach L - 8 uncursed food rations O - an uncursed fortune cookie Z - an uncursed lizard corpse Rings x - an uncursed ring of searching (on left hand) F - an uncursed ring of regeneration (on right hand) Wands o - a wand of digging (0:6) A - a wand of cold (0:1) I - a wand of teleportation (0:5) N - a blessed wand of lightning (0:7) Tools b - an uncursed stethoscope c - an uncursed blindfold q - a -2 unicorn horn s - a blessed bag of holding w - an uncursed magic whistle y - an uncursed skeleton key M - a blessed oil lamp (0:1477) P - a rusty +0 pick-axe V - an uncursed oil lamp (0:1475) Gems W - an uncursed luckstone Contents of the bag of holding: an uncursed lizard corpse a [blessed] scroll of remove curse 2 [uncursed] scrolls of teleportation a [blessed] spellbook of jumping a [uncursed] potion of gain energy a [uncursed] potion of levitation a [uncursed] potion of paralysis a [cursed] potion of speed a potion of unholy water a [uncursed] ring of levitation a [uncursed] ring of see invisible a +0 unicorn horn Spells and supernatural/magical abilities: Name Level Category Fail Memory h - healing 1 healing 0% 78% x - extra healing 3 healing 14% 78% S - stone to flesh 3 healing 30% 78% W - pray for help -- divine ? -- Your skills at the end: Miscellaneous Skills wands [Basic] stealth [Basic] Weapon Skills knife [Basic] spear [Basic] Spellcasting Skills healing spells [Basic] Final Attributes: You were piously aligned. You were fire resistant. You were cold resistant. You were sleep resistant. You were disintegration-resistant. You were shock resistant. You were poison resistant. You were magic-protected. Your writing hand was ok. You saw invisible. You were telepathic. You had automatic searching. You were clairvoyant. You were invisible to others. You were very stealthy. You regenerated. You were protected. You were very fast. You had reflection. You were lucky. You had extra luck. Bad luck did not time out for you. Good luck did not time out for you. You are dead. Vanquished creatures: an ancient blue dragon 6 elder blue dragons 2 elder green dragons a white dragon an orange dragon 7 blue dragons 4 green dragons a titan a baluchitherium a young silver dragon a young black dragon a young green dragon a trapper 51 baby blue dragons 29 baby green dragons a gryphon a captain a lich a nurse a vampire 4 ghosts 2 ettins 3 giant mimics an ogre king a rock troll a large mimic a couatl 2 stalkers 2 air elementals 3 giant mummies an elf-lord a xorn a giant zombie 5 wargs 4 quantum mechanics 3 small mimics a warhorse 2 ogre lords a wood golem 3 sharks 5 electric eels 2 large dogs a freezing sphere 4 flaming spheres a shocking sphere a large cat a tengu an ochre jelly 2 crocodiles 2 chameleons 2 energy vortices a mountain centaur a human mummy 2 red nagas 14 Grey-elves 2 pit vipers 3 pythons 3 cobras 4 soldiers 3 succubi a giant beetle a cockatrice 3 wolves 5 winter wolf cubs a black light a panther 3 gremlins 7 leprechauns 3 quivering blobs a spotted jelly 4 lizards 2 mountain nymphs 2 orc-captains a mumak 3 giant spiders a scorpion a horse an ice vortex 4 vampire bats a forest centaur 5 gnome kings an orc mummy 2 dwarf mummies 3 ogres 6 owlbears 4 yetis 2 piranhas 6 giant eels 4 attendants a dog 5 housecats 4 jaguars 4 dwarf lords 2 blue jellies 2 water nymphs 4 white unicorns 2 black unicorns 2 dust vortices a raven 3 plains centaurs a Woodland-elf 17 snakes 2 apes 3 human zombies 4 rope golems 3 soldier ants 2 fire ants 6 yellow lights 16 bugbears 4 imps 3 baby crocodiles 2 wood nymphs 5 Mordor orcs an Uruk-hai 3 orc shamans 2 rock moles 7 rock piercers 4 ponies 4 fog clouds 5 shriekers 3 violet fungi 17 gnome lords 9 gnomish wizards 4 kobold mummies 2 black naga hatchlings a golden naga hatchling 3 elf zombies 2 ghouls 2 jellyfish 11 giant ants a puppy 7 floating eyes 2 kittens 20 dwarves 4 homunculi 4 kobold lords 3 kobold shamans 8 iguanas 9 hill orcs 22 rothes 26 rabid rats 8 jitterbugs 3 giant bats 3 orc zombies 14 dwarf zombies a wererat 3 werejackals 8 killer bees 6 coyotes 3 gas spores 6 hobbits 4 acid blobs 3 large kobolds 13 geckos 20 hobgoblins 63 giant rats 7 cave spiders a brown mold a yellow mold a green mold a red mold 65 gnomes 15 garter snakes 12 manes 4 gnome zombies 25 jackals 2 foxes 6 kobolds 8 newts 10 goblins 11 sewer rats 12 grid bugs 6 bats 10 lichens 4 kobold zombies 932 creatures vanquished. Genocided species: island nymphs liches demiliches master liches arch-liches disenchanters 6 species genocided. Voluntary challenges: You did not cause conflict. You were not displaced. You had been an atheist until turn 1833. You used a wielded weapon 1764 times, starting on turn 1. You did not use plumbed fixtures. You read items or engraved 26 times, starting on turn 3667. You genocided 6 types of monsters, starting on turn 12337. You never polymorphed an object. You changed form 2 times, starting on turn 2935. You completed Sokoban on turn 6301, according to the rules. You used 2 wishes, starting on turn 11202. You wished for your your first artifact on turn 12350. You never split a pudding. You never wrote Elbereth's name. You never violated your personal moral code. Dungeon overview: The Dungeons of Doom: levels 1 to 25 Level 1 (vault) some fountains, a sink a long staircase Level 2 stairs to The Gnomish Mines Level 3 Level 4 (vault) some fountains Level 5 an altar to Poseidon, a fountain Level 6 many fountains Level 7 (vault) stairs to Sokoban Level 8 Level 9 a fountain Level 10 an altar to Hermes, a sink Level 11 a fountain Level 12 (quest) portal to The Quest Level 13 some fountains Level 14 a sink Level 15 some fountains Level 16 a delicatessen, a fountain Level 17 (rogue) Level 18 (blue dragon hall) Level 19 Level 20 (vault) an altar to Hermes, a fountain Level 21 (green dragon hall) Level 22 (vault) a fountain Level 23 a fountain Level 24 a temple to Athena Level 25 (medusa) The Gnomish Mines: levels 3 to 11 Level 3 stairs to The Dungeons of Doom Level 4 Level 5 many shops, a temple to Athena, a magic chest, some fountains Level 6 Level 7 Level 8 Level 9 Level 10 Level 11 a magic chest, a fountain The Quest: levels 1 to 5 Level 1 an altar to Hermes, a magic chest portal to The Dungeons of Doom Level 2 Level 3 a temple to Poseidon Level 4 <- You were here Level 5 Sokoban: levels 3 to 6 Level 3 a magic chest Level 4 Level 5 Level 6 an altar to Hermes, a magic chest stairs to The Dungeons of Doom History has recorded: On T:1 you entered the Dungeons of Doom to retrieve the Amulet of Yendor! On T:32 you reached level 2 of The Dungeons of Doom. On T:268 you advanced to experience level 2. On T:536 you reached level 1 of The Gnomish Mines. On T:654 you reached level 3 of The Dungeons of Doom. On T:828 you advanced to experience level 3. On T:1163 you reached level 4 of The Dungeons of Doom. On T:1283 you reached level 5 of The Dungeons of Doom. On T:1864 you advanced to experience level 4. On T:1931 you reached level 6 of The Dungeons of Doom. On T:2129 you reached level 7 of The Dungeons of Doom. On T:2587 you advanced to experience level 5. On T:2665 you reached level 8 of The Dungeons of Doom. On T:2916 you prayed to Hermes. On T:3285 you prayed to Hermes. On T:3505 you reached level 4 of Sokoban. On T:3665 you opened a magic chest. On T:4026 you reached level 3 of Sokoban. On T:4665 you reached level 2 of Sokoban. On T:5389 you reached level 1 of Sokoban. On T:6150 you advanced to experience level 6. On T:6301 you advanced to experience level 7. On T:6301 you entered the Sokoban zoo. On T:7020 you reached level 2 of The Gnomish Mines. On T:7356 you reached level 3 of The Gnomish Mines. On T:7936 you entered the Minetown temple On T:8418 you reached level 4 of The Gnomish Mines. On T:8511 you reached level 5 of The Gnomish Mines. On T:8539 you reached level 7 of The Gnomish Mines. On T:8654 you advanced to experience level 8. On T:8661 you reached level 6 of The Gnomish Mines. On T:8987 you prayed to Hermes. On T:9661 you reached level 8 of The Gnomish Mines. On T:9882 you reached level 9 of The Gnomish Mines. On T:9882 you reached the bottom of the Mines. On T:11188 you prayed to Hermes. On T:11202 you wished for "+3 blessed fixed greased gray dragon scale mail". On T:11329 you reached level 9 of The Dungeons of Doom. On T:11602 you reached level 10 of The Dungeons of Doom. On T:11857 you reached level 11 of The Dungeons of Doom. On T:12350 you wished for "blessed fixed the eye of the aethiopica". On T:12387 you reached level 12 of The Dungeons of Doom. On T:12616 you reached level 13 of The Dungeons of Doom. On T:12778 you advanced to experience level 9. On T:13012 you reached level 14 of The Dungeons of Doom. On T:13081 you reached level 15 of The Dungeons of Doom. On T:13443 you reached level 16 of The Dungeons of Doom. On T:13777 you reached level 17 of The Dungeons of Doom. On T:13777 you entered the Rogue tribute level. On T:14297 you reached level 18 of The Dungeons of Doom. On T:14488 you reached level 19 of The Dungeons of Doom. On T:14700 you reached level 20 of The Dungeons of Doom. On T:15313 you reached level 21 of The Dungeons of Doom. On T:15418 you reached level 22 of The Dungeons of Doom. On T:18444 you reached level 23 of The Dungeons of Doom. On T:18743 you reached level 24 of The Dungeons of Doom. On T:18780 you advanced to experience level 10. On T:19054 you reached level 25 of The Dungeons of Doom. On T:21665 you reached level 1 of The Quest. On T:24747 you advanced to experience level 11. On T:24758 you advanced to experience level 12. On T:24759 you advanced to experience level 13. On T:24760 you advanced to experience level 14. On T:24770 you embarked upon an epic quest. On T:24813 you reached level 2 of The Quest. On T:24919 you reached level 3 of The Quest. On T:25046 you reached level 4 of The Quest. On T:25244 you reached level 5 of The Quest. Score breakdown: Gold: 0 ( 0 points) Experience: 9 levels ( 800 points) Exploration: 25 levels ( 720 points) Discoveries: 88 items ( 2000 points) Variety of kills: 175 monsters ( 2000 points) Major goal: Sokoban/Mines ( 1500 points) Survival: died (score multiplied by 3) Total score: 21060 Latest messages: Goodbye level 13. The Cyclops swings his staff named The Staff of Aesculapius at you. The Cyclops just misses! The Cyclops punches you! You feel better. (2x) The Cyclops swings his staff named The Staff of Aesculapius at you. The staff drains your life! Goodbye level 12. The Cyclops swings his staff named The Staff of Aesculapius at you. The Cyclops misses. The Cyclops punches you! You feel better. The Cyclops swings his staff named The Staff of Aesculapius at you. The Cyclops misses. The Cyclops swings his staff named The Staff of Aesculapius at you. The Cyclops misses. (2x) You feel better. You miss the Cyclops. The Cyclops swings his staff named The Staff of Aesculapius at you. The staff drains your life! Goodbye level 11. The Cyclops swings his staff named The Staff of Aesculapius at you. The staff drains your life! Goodbye level 10. You die... Final status: Goodbye woodfighter the Healer, killed by the Cyclops... You died in The Quest on dungeon level 4 with 21060 points, and 0 pieces of gold, after 25994 moves. You were level 9 with a maximum of 84 hit points when you died.